 Dungeon Crawl Stone Soup version 0.28-b1-25-g9875b3fc8c (webtiles) character file.

Game seed: 7190729400025307605

718 sanka the Insei (level 7, -1/41 HPs)
             Began as a Tengu Enchanter on Feb 5, 2022.
             Was a Follower of Okawaru.
             Splashed by a jelly's acid (6 damage)
             ... on level 5 of the Dungeon.
             The game lasted 00:10:47 (7204 turns).

sanka the Insei (Tengu Enchanter)                   Turns: 7204, Time: 00:10:48

Health: -1/41      AC: -2    Str:  9    XL:     7   Next: 70%
Magic:  11/11      EV: 16    Int: 17    God:    Okawaru [*.....]
Gold:   181        SH:  0    Dex: 14    Spells: 10/10 levels left

rFire   . . .      SeeInvis .     - Unarmed
rCold   + . .      Faith    .   (no shield)
rNeg    . . .      Spirit   .   b - +0 robe
rPois   +          Reflect  .   (helmet restricted)
rElec   .          Harm     .   (no cloak)
rCorr   .          Rampage  .   (no gloves)
Will    .....                   (boots unavailable)
Stlth   ++........              (no amulet)
HPRegen 0.13/turn               r - ring of poison resistance
MPRegen 0.12/turn               k - ring of protection from cold

@: corroded, flying quickly and evasively, quick
A: beak, talons 3, nimble flight
a: Renounce Religion, Heroism


You were on level 5 of the Dungeon.
You worshipped Okawaru.
Okawaru was aware of your devotion.
You visited 2 branches of the dungeon, and saw 6 of its levels.
You also visited: Ossuary.

You collected 181 gold pieces.

Inventory:

Hand Weapons
 a - a +2 flail of protection
 u - a +1 dagger
Missiles
 j - 6 javelins (quivered)
Armour
 b - a +0 robe (worn)
Magical Staves
 q - a staff of fire
Jewellery
 k - a ring of protection from cold (right hand)
 r - a ring of poison resistance (left hand)
 s - an amulet of faith
Scrolls
 c - 2 scrolls of blinking {unknown}
 d - 2 scrolls of fog {unknown}
 e - a scroll of holy word {unknown}
 f - a scroll of magic mapping {unknown}
 g - 2 scrolls of identify {unknown}
 h - 8 scrolls of noise
 n - 2 scrolls of amnesia {unknown}
 p - 2 scrolls of enchant weapon {unknown}
 t - 5 scrolls of immolation
 w - 3 scrolls of teleportation {unknown}
 x - a scroll of enchant armour {unknown}
Potions
 i - a potion of heal wounds {unknown}
 l - 2 potions of cancellation {unknown}
 m - 3 potions of haste {unknown}
 o - a potion of attraction {unknown}
 v - 7 potions of curing
 z - a potion of berserk rage {unknown}


   Skills:
 - Level 3.0 Fighting
 - Level 1.1 Short Blades
 - Level 4.0 Dodging
 - Level 3.0 Stealth
 + Level 7.4 Unarmed Combat
 - Level 2.0 Spellcasting
 - Level 2.1 Hexes


You had 10 spell levels left.
You didn't know any spells.
Your spell library contained the following spells:

 Spells                   Type           Power      Damage    Failure   Level
 Ensorcelled Hibernation  Hex/Ice        10%        N/A       19%         2
 Confusing Touch          Hex            9%         N/A       24%         3
 Dazzling Flash           Conj/Hex       10%        N/A       36%         3
 Portal Projectile        Hex/Tloc       10%        N/A       36%         3
 Blade Hands              Tmut           0%         N/A       99%         5
 Excruciating Wounds      Necr           0%         N/A       99%         5
 Conjure Ball Lightning   Conj/Air       0%         3x3d6     100%        6
 Discord                  Hex            4%         N/A       100%        8
 Disjunction              Tloc           0%         N/A       100%        8
 Tukima's Dance           Hex            Unusable   N/A       N/A         3

Dungeon Overview and Level Annotations

Branches:
Dungeon (5/15)             Temple (1/1) D:4         Ossuary (visited)

Altars:
Ashenzari
Cheibriados
Dithmenos
Elyvilon
Fedhas
Gozag
Hepliaklqana
Kikubaaqudgha
Makhleb
Nemelex Xobeh
Okawaru
Qazlal
Ru
Sif Muna
Trog
Uskayaw
Vehumet
Wu Jian
Xom
Yredelemnul
Zin
The Shining One

Shops:
D:1 *

Annotations:
D:3 Eustachio, Grinder
D:4 exclusion: ogre


Innate Abilities, Weirdness & Mutations

You have a beak for a mouth.
You have claws for feet.
Your magical nature lets you fly swiftly and evasively.


Message History

The hound bites you.
The jelly quivers.
You hit the jelly.
Your hands burn!
The jelly is lightly wounded.
The hound closely misses you. The jelly misses you.
The hound closely misses you.
You barely miss the hound. The hound misses you.
The jelly jiggles.
The hound misses you.
You hit the hound. Your kick misses the hound. Your peck misses the hound.
The hound is lightly wounded.
The hound barely misses you.
You barely miss the hound. You claw the hound, but do no damage.
You peck the hound.
The hound is lightly wounded.
The hound bites you.
You miss the hound. Your kick misses the hound. Your peck misses the hound.
The hound is lightly wounded.
The hound bites you. The hound misses you.
You hit the hound but do no damage. You claw the hound! You peck the hound.
The hound is severely wounded.
The hound bites you.
You hit the hound. Your peck misses the hound.
The hound is severely wounded.
The hound bites you.
* * * LOW HITPOINT WARNING * * *
You are too injured to fight recklessly!
You miss the hound. You claw the hound.
The hound is severely wounded.
The hound misses you. x2
You punch the hound!
You kill the hound!
Okawaru accepts your kill.
You hit the jelly. The acid corrodes you!
Your hands burn!
* * * LOW HITPOINT WARNING * * *
The jelly is heavily wounded.
The jelly hits you.
* * * LOW HITPOINT WARNING * * *
You are splashed with acid.
You die...

.....####...#....
.##### # #>##.# ..#
#.##.. #.## #..#
#..###### ##.##
##......####..###### ##
######............##..#
########.###.....#
#...@J..#...#
.........#### .#
########... #####


You could see a jelly.

Vanquished Creatures
  A phantom (D:5)
  2 scorpions
  A centaur zombie (Ossuary)
  2 hounds (D:5)
  A human zombie (Ossuary)
  An orc priest (D:4)
  A bullfrog skeleton (D:5)
  An iguana (D:4)
  2 orc wizards (D:4)
  A hound skeleton (D:5)
  5 mummies
  Robin (D:4)
  7 adders
  A howler monkey skeleton (D:5)
  An ufetubus (D:5)
  An adder skeleton (D:4)
  3 worms
  13 orcs
  7 endoplasms
  4 giant cockroaches (D:2)
  14 goblins
  10 hobgoblins
  A jackal (D:2)
  3 quokkas
  5 ball pythons
  7 bats
  2 frilled lizards
  A gnoll zombie (Ossuary)
  A goblin zombie (D:4)
  4 hobgoblin zombies
  2 kobolds
  2 kobold zombies (Ossuary)
  A rat (D:1)
109 creatures vanquished.

Vanquished Creatures (others)
  A plant (D:1)
1 creature vanquished.

Grand Total: 110 creatures vanquished

Notes
Turn   | Place    | Note
-------+----------+-------------------------------------------
     0 | D:1      | sanka the Tengu Enchanter began the quest for the Orb.
     0 | D:1      | Reached XP level 1. HP: 10/10 MP: 4/4
   475 | D:1      | Found Lenicuid's General Store.
   544 | D:1      | You fall into a shaft and drop 1 floor!
   549 | D:2      | Reached skill level 1 in Fighting
   549 | D:2      | Reached XP level 2. HP: 16/16 MP: 6/6
   949 | D:1      | Noticed a floating eye
   952 | D:1      | Noticed an eye of devastation
   954 | D:1      | Found a faded altar of an unknown god.
   956 | D:1      | Noticed a golden eye
   956 | D:1      | Noticed a floating eye
  1525 | D:2      | Reached XP level 3. HP: 20/20 MP: 7/7
  2169 | D:2      | Reached XP level 4. HP: 14/26 MP: 8/8
  2870 | D:3      | Noticed Grinder
  3824 | D:4      | Noticed an ogre
  3879 | D:4      | Noticed a scorpion
  3879 | D:4      | Noticed Robin
  3918 | D:4      | Reached skill level 1 in Unarmed Combat
  3918 | D:4      | Gained mutation: Your magical nature lets you fly swiftly
                  | and evasively. [Tengu growth]
  3918 | D:4      | Reached XP level 5. HP: 27/32 MP: 9/9
  4002 | D:4      | Reached skill level 3 in Unarmed Combat
  4011 | D:4      | Killed Robin
  4253 | D:4      | Reached skill level 4 in Unarmed Combat
  4253 | D:4      | Reached XP level 6. HP: 29/37 MP: 10/10
  4305 | D:4      | Noticed Eustachio
  4402 | D:4      | Found a sand-covered staircase.
  4407 | Ossuary  | Entered an ossuary
  4849 | Ossuary  | Reached skill level 5 in Unarmed Combat
  5348 | D:4      | Reached XP level 7. HP: 36/41 MP: 11/11
  5405 | D:4      | Found a staircase to the Ecumenical Temple.
  5515 | Temple   | Entered the Ecumenical Temple
  6132 | Temple   | Became a worshipper of Warmaster Okawaru
  6539 | D:5      | Entered Level 5 of the Dungeon
  6543 | D:5      | Found a hide-covered altar of Uskayaw.
  6556 | D:5      | Reached skill level 6 in Unarmed Combat
  7147 | D:5      | Reached * piety under Okawaru
  7148 | D:5      | Reached skill level 7 in Unarmed Combat
  7204 | D:5      | Splashed by a jelly's acid

Illustrated notes

Levels and vault maps discovered:
D:1:      minmay_arrival_four_circles, layout_rooms, serial_shops,
          nicolae_shop_trees, hellmonk_ecumenical_altar_watching_god,
          kennysheep_boxes
D:2:      layout_loops_ring, chequers_serial_rivers_small_b,
          minmay_joined_circles
D:3:      layout_basic, st_stairs_7, uniq_grinder
D:4:      layout_rooms, minmay_temple_entry_statues, nicolae_ossuary_entry_giza,
          uniq_robin, uniq_eustachio
D:5:      layout_rooms, mainiacjoe_overflow_tiny_flanked, nrook_mini_backslash
Temple:   mainiacjoe_temple_starburst

Skill      XL: |  1  2  3  4  5  6  7 |
---------------+----------------------+-----
Fighting       | 1 2 3 |  3.0
Dodging        | 3 4 |  4.0
Unarmed Combat | 1 4 5 7 |  7.4
Short Blades   | |  1.1
Stealth        | |  3.0
Spellcasting   | |  2.0
Hexes          | |  2.1

Action                   |  1- 3 |  4- 6 |  7- 9 || total
-------------------------+-------+-------+-------++-------
Melee: Dagger            |   101 |    57 |       ||   158
       Kick              |    28 |    50 |    17 ||    95
       Peck              |    10 |    51 |    23 ||    84
       Punch             |     2 |     8 |     3 ||    13
       Flail             |       |    20 |       ||    20
       Unarmed           |       |   161 |    75 ||   236
  Use: Potion            |       |     8 |       ||     8
 Stab: Sleeping          |     9 |     7 |     1 ||    17
       Invisible         |       |     1 |       ||     1
       Distracted        |       |     1 |       ||     1
Armor: Robe              |    12 |    24 |     3 ||    39
       Skin              |       |    20 |       ||    20
Dodge: Dodged            |    52 |   166 |    51 ||   269
